 Dungeon Crawl Stone Soup version 0.30.0-5-g1a98f26d00 (webtiles) character file.

Game seed: 12488886089667499320

221828 freelancePsychic the Marksdemigod (level 17, -4/143 HPs)
             Began as a Demigod Hunter on May 12, 2023.
             Slain by a rockslime (39 damage)
             ... created by the Royal Jelly
             ... on level 5 of the Pits of Slime.
             The game lasted 00:52:23 (22938 turns).

freelancePsychic the Marksdemigod (Demigod Hunter) Turns: 22938, Time: 00:52:24

Health: -4/143     AC: -6    Str: 12    XL:     17   Next: 45%
Magic:  0/24       EV: 34    Int: 11    God:
Gold:   896        SH:  0    Dex: 40    Spells: 11/20 levels left

rFire   + . .        b - +5 longbow (freeze)
rCold   + + +        (shield currently unavailable)
rNeg    . . .        Z - +0 troll leather armour
rPois   .            A - +2 helmet
rElec   +            R - scarf {rC+ rF+}
rCorr   .            U - +2 pair of gloves
SInv    .            J - +0 pair of boots
Will    +....        u - amulet of regeneration
Stlth   +++          y - ring of Qiggumiw {rF+ rC+ Slay+3}
HPRegen 2.03/turn    N - ring "Iwnow" {Ice rElec Dex+3}
MPRegen 0.19/turn

%: no passive effects
@: unable to read, corroded
A: high MP 1, forlorn, divine attributes, frail 1, inability to read after
injury 1
}: 2/15 runes: decaying, serpentine
a: no special abilities


You were on level 5 of the Pits of Slime.
You visited 7 branches of the dungeon, and saw 36 of its levels.
You also visited: Sewer.

You collected 2135 gold pieces.
You spent 1239 gold pieces at shops.

Inventory:

Hand Weapons
 b - a +5 longbow of freezing (weapon)
Missiles
 K - 6 throwing nets
Armour
 A - a +2 helmet (worn)
 E - the +0 leather armour of Ticogh {rElec rCorr Dex+2}
   (You bought it in a shop on level 7 of the Dungeon)

   Dex:       It affects your dexterity (+2).
   rElec:     It insulates you from electricity.
   rCorr:     It protects you from acid and corrosion.
 J - a +0 pair of boots (worn)
 R - a scarf of resistance (worn)
 U - a +2 pair of gloves (worn)
 W - the +0 leather armour "Cussekin" {Str-4 Slay+6}
   (You found it on level 13 of the Dungeon)

   Str:       It affects your strength (-4).
   Slay:      It affects your accuracy & damage with ranged weapons and melee
   (+6).
 Z - a +0 troll leather armour (worn)
Jewellery
 h - a ring of fire
 l - an amulet of guardian spirit
 q - a ring of protection from fire
 u - an amulet of regeneration (around neck)
 v - a ring of positive energy
 y - the ring of Qiggumiw (left hand) {rF+ rC+ Slay+3}
   (You bought it in a shop on level 4 of the Snake Pit)

   [ring of protection from fire]

   Slay:      It affects your accuracy & damage with ranged weapons and melee
   (+3).
   rF:        It protects you from fire.
   rC:        It protects you from cold.
 C - an amulet of reflection
 G - a ring of flight
 H - a ring of poison resistance
 M - an amulet of the acrobat
 N - the ring "Iwnow" (right hand) {Ice rElec Dex+3}
   (You took it off an orc warrior on level 10 of the Dungeon)

   [ring of ice]

   It enhances your ice magic.
   Dex:       It affects your dexterity (+3).
   rF:        It makes you vulnerable to fire.
   rC:        It protects you from cold.
   rElec:     It insulates you from electricity.
 O - a ring of wizardry
 V - a +4 ring of protection
Wands
 r - a wand of polymorph (6)
 w - a wand of mindburst (28)
 x - a wand of roots (20)
 z - a wand of flame (27)
 I - a wand of paralysis (14)
 Q - a wand of acid (23)
Scrolls
 a - 4 scrolls of magic mapping
 c - 3 scrolls of silence
 o - a scroll of vulnerability
 p - 6 scrolls of fog
 s - a scroll of blinking
 D - 9 scrolls of amnesia
 L - a scroll of fear
 P - 4 scrolls of poison
 T - 3 scrolls of teleportation {@r4}
Potions
 d - 4 potions of brilliance
 e - 2 potions of resistance
 f - a potion of cancellation
 g - 2 potions of might
 i - 4 potions of flight
 j - a potion of berserk rage
 k - 5 potions of magic
 n - 2 potions of ambrosia
 t - 2 potions of attraction
 F - a potion of heal wounds {@q2}
 S - 4 potions of curing {@q1}


   Skills:
 + Level 16.3 Fighting
 - Level 18.0 Ranged Weapons
 + Level 6.7 Armour
 - Level 15.0 Dodging
 - Level 0.8 Stealth
 - Level 2.2 Spellcasting
 - Level 7.2 Hexes
 - Level 2.8 Translocations
 - Level 2.5 Transmutations
 - Level 6.6 Fire Magic
 - Level 2.6 Poison Magic


You had 11 spell levels left.
You knew the following spells:

 Your Spells              Type           Power      Damage    Failure   Level
a - Inner Flame           Hex/Fire       16%        N/A       6%          3
b - Portal Projectile     Hex/Tloc       24%        N/A       13%         3
c - Ignite Poison         Fire/Tmut/Pois 9%         N/A       22%         3

Your spell library contained the following spells:

 Spells                   Type           Power      Damage    Failure   Level
 Slow                     Hex            68%        N/A       1%          1
 Scorch                   Fire           30%        2d6       3%          2
 Confusing Touch          Hex            17%        N/A       5%          3
 Blink                    Tloc           14%        N/A       16%         2
 Lesser Beckoning         Tloc           14%        N/A       16%         2
 Momentum Strike          Conj/Tloc      8%         3d8       28%         2
 Cigotuvi's Dreadful Rot  Necr/Pois/Air  6%         N/A       36%         2
 Vhi's Electric Charge    Tloc/Air       8%         N/A       50%         3
 Leda's Liquefaction      Hex/Erth       4%         N/A       61%         4
 Flame Wave               Conj/Fire      8%         2d5       65%         4
 Call Canine Familiar     Summ           1%         N/A       71%         3
 Vampiric Draining        Necr           1%         2d6       71%         3
 Manifold Assault         Tloc           7%         N/A       71%         4
 Yara's Violent Unravell  Hex/Tmut       6%         3d5       77%         5
 Summon Mana Viper        Hex/Summ       9%         N/A       91%         5
 Summon Forest            Summ/Tloc      2%         N/A       99%         5
 Arcjolt                  Conj/Air       0%         1d10      100%        5
 Freezing Cloud           Conj/Ice/Air   0%         6-21      100%        5
 Plasma Beam              Fire/Air       4%         2x1d15    100%        6
 Summon Cactus Giant      Summ           0%         N/A       100%        6
 Enfeeble                 Hex            8%         N/A       100%        7
 Storm Form               Tmut/Air       2%         N/A       100%        7


Dungeon Overview and Level Annotations

Branches:
Dungeon (15/15)              Lair (5/5) D:11          Swamp (4/4) Lair:3
  Snake (4/4) Lair:3        Slime (5/5) Lair:5          Orc (2/2) D:10
    Elf (0/3) Orc:2        Vaults (0/5) D:14         Depths (1/4) D:15
  Sewer (visited)
 Temple: D:4-7

Shops:
D:4 (   D:7 [   D:15 (   Orc:1 ==   Orc:2 :![:   Snake:4 =::

Annotations:
D:4 1 transporter
D:6 2 transporters, jimonade's ghost, amateur OpBr
D:9 Erica
Lair:2 2 runed translucent doors
Snake:1 1 transporter


Innate Abilities, Weirdness & Mutations

You have an increased reservoir of magic. (+10% MP)
You shall have no god before yourself.
Your divine heritage dramatically boosts your attributes as you level up.
You are frail. (-10% HP)
You occasionally lose the ability to read scrolls when taking damage.


Message History

The quicksilver ooze closely misses you.
The quicksilver ooze misses you.
You cannot read scrolls while unable to breathe!
Unknown command.
The quicksilver ooze attacks as you move away!
The quicksilver ooze completely misses you.
The quicksilver ooze hits you!
You feel your power leaking away. The rockslime attacks as you move away!
The rockslime hits you but does no damage.
The azure jelly attacks as you move away!
The azure jelly hits you. The azure jelly freezes you. You resist.
The azure jelly hits you. The azure jelly freezes you! You resist.
* * * LOW HITPOINT WARNING * * *
The azure jelly misses you. The azure jelly closely misses you.
Acid dripping from the walls corrodes you.
You slip free of the ooze engulfing you.
You gasp with relief as air once again reaches your lungs.
Two slime creatures merge to form a large slime creature.
The rockslime hits you!!!
You feel threatened and lose the ability to read scrolls!
* * * LOW HITPOINT WARNING * * *
You hold your ground!
You cannot read scrolls in your current state!
You cannot read scrolls in your current state!
You cannot read scrolls in your current state!
You cannot read scrolls in your current state!
You cannot read scrolls in your current state!
You cannot read scrolls in your current state!
You cannot read scrolls in your current state!
You cannot read scrolls in your current state!
You cannot read scrolls in your current state!
You cannot read scrolls in your current state!
You feel much better. The quicksilver ooze misses you.
The quicksilver ooze completely misses you.
The quicksilver ooze closely misses you. x2
The quicksilver ooze misses you.
The quicksilver ooze completely misses you.
The rockslime hits you!!!
You die...

... ...... .......
........#
.........###
...........###
..........JJ@# ###.
..........JJJ##....
..........J.J......
.............J.....
...................
........J...........
#.........J.........
#...................
#..................


You could see 2 acid blobs, an azure jelly, a large slime creature, a slime
creature, 2 rockslimes and 3 quicksilver oozes.

Vanquished Creatures
  the Royal Jelly (Slime:5)
  Vashnia (Snake:4)
  Jorgrun (D:15)
  8 acid blobs
  Agnes (D:15)
  Gastronok (D:9)
  15 nagarajas
  10 azure jellies
  A fenstrider witch (Swamp:2)
  2 rockslimes
  10 quicksilver oozes
  A very ugly thing (Swamp:4)
  Nessos (Lair:5)
  A war gargoyle (D:13)
  3 eleionomae
  2 bunyips (Swamp:1)
  4 spark wasps
  2 green deaths (Swamp:4)
  An ettin (D:14)
  A fire dragon (Depths:1)
  2 great orbs of eyes
  Harold (D:10)
  A salamander tyrant (Snake:4)
  4 ogre magi (Orc:2)
  11 hydras
  A rakshasa (D:14)
  4 catoblepae
  An ice dragon (Depths:1)
  2 hell beasts (Swamp:4)
  A ghost crab (Swamp:4)
  An alligator (Swamp:4)
  2 death knights
  16 two-headed ogres
  5 anacondas
  4 centaur warriors
  5 boulder beetles
  Urug (Lair:5)
  15 naga warriors
  A thrashing horror (Swamp:4)
  16 naga sharpshooters
  4 shock serpents
  7 spriggans
  3 salamander mystics
  6 skeletal warriors (D:15)
  3 skysharks (Lair:5)
  A shadow wraith (D:14)
  A sea snake (Snake:2)
  An iron troll (Depths:1)
  3 goliath frogs
  5 naga ritualists (Snake:4)
  A deep troll (D:14)
  3 spriggan druids
  4 bog bodies (Swamp:4)
  A wizard (D:15)
  2 necromancers
  4 swamp dragons (Swamp:4)
  A wolf spider (D:15)
  5 mana vipers
  3 ugly things (Swamp:4)
  3 shining eyes
  An orc sorcerer (Orc:2)
  2 will-o-the-wisps
  3 manticores
  8 salamanders
  5 guardian serpents (Snake:4)
  8 elephants
  A centaur zombie (D:15)
  11 naga magi
  2 eyes of devastation
  17 black mambas
  A komodo dragon (shapeshifter) (D:14)
  3 orange demons (Swamp:4)
  14 cane toads
  3 centaur skeletons (D:15)
  2 gargoyles
  An unseen horror (D:13)
  4 rime drakes
  A tengu conjurer (D:14)
  6 komodo dragons
  A freezing wraith (D:15)
  2 efreet (D:14)
  A wind drake (shapeshifter) (D:14)
  A polar bear (Lair:5)
  5 trolls
  2 tyrant leeches
  A harpy skeleton (D:15)
  Grinder (D:6)
  5 hornets
  19 blink frogs
  Prince Ribbit (D:6)
  56 slime creatures
  3 spriggan skeletons (Depths:1)
  A centaur simulacrum (D:14)
  2 shadows
  2 large abominations (Swamp:4)
  4 wraiths
  3 wyverns
  9 basilisks
  16 vampire mosquitoes
  34 yaks
  2 wargs (Orc:2)
  2 acid dragons
  35 nagas
  10 swamp worms
  9 water moccasins
  2 floating eyes (Slime:5)
  14 orc warriors
  2 swamp drakes
  A black bear (shapeshifter) (D:14)
  A black bear (D:7)
  A tengu (D:4)
  4 centaurs
  27 ogres
  16 wolves
  A phantom (D:6)
  A kobold brigand (D:9)
  11 bullfrogs
  2 gnoll sergeants
  3 scorpions
  4 wights (D:8)
  8 killer bees
  A howler monkey (D:8)
  An electric eel (Snake:2)
  2 hounds (D:5)
  8 jellies
  10 orc priests
  3 sleepcaps
  Natasha (twice) (D:4)
  2 iguanas
  15 orc wizards
  7 hell rats (Lair:3)
  A small abomination (Swamp:4)
  17 gnolls
  10 adders
  A shadow imp (D:8)
  3 white imps
  An ufetubus (D:4)
  A dart slug (D:4)
  59 orcs
  4 bats
  4 endoplasms
  9 giant cockroaches
  2 goblins (D:4)
  7 hobgoblins
  2 jackals (D:4)
  3 quokkas
  6 ball pythons
  9 frilled lizards
  7 kobolds
  6 rats
843 creatures vanquished.

Vanquished Creatures (others)
  2 water elementals (D:12)
  An electric eel (D:12)
  6 foxfires
9 creatures vanquished.

Grand Total: 852 creatures vanquished

Notes
Turn   | Place    | Note
-------+----------+-------------------------------------------
     0 | D:1      | freelancePsychic the Demigod Hunter began the quest for the
                  | Orb.
     0 | D:1      | Reached XP level 1. HP: 17/17 MP: 3/3
   733 | D:2      | Reached XP level 2. HP: 24/24 MP: 4/4
   745 | D:2      | Reached skill level 4 in Ranged Weapons
  1151 | D:3      | Reached XP level 3. HP: 29/29 MP: 5/5
  1205 | D:3      | Found a glowing drain.
  1218 | Sewer    | Entered a sewer
  1378 | Sewer    | Reached XP level 4. HP: 32/37 MP: 6/6
  1464 | Sewer    | Noticed a bullfrog
  1465 | Sewer    | Noticed a bullfrog
  1467 | Sewer    | Killed a bullfrog
  1481 | Sewer    | Killed a bullfrog
  1482 | Sewer    | Reached skill level 5 in Ranged Weapons
  1482 | Sewer    | Reached XP level 5. HP: 14/45 MP: 1/7
  2219 | D:4      | Reached XP level 6. HP: 51/51 MP: 8/8
  2237 | D:4      | Noticed Pikel
  2255 | D:4      | Pikel changed into Pikel the tengu
  2255 | D:4      | Noticed Pikel
  2258 | D:4      | Killed Pikel the tengu
  2344 | D:4      | Noticed Natasha
  2347 | D:4      | Killed Natasha
  2460 | D:4      | Noticed Natasha
  2488 | D:4      | Killed Natasha
  2489 | D:4      | Reached skill level 6 in Ranged Weapons
  2508 | D:4      | Found Kostrau's Weapon Shop.
  2608 | D:4      | Found a transporter.
  2617 | D:5      | Entered Level 5 of the Dungeon
  2727 | D:5      | Learned a level 3 spell: Inner Flame
  2844 | D:5      | Reached XP level 7. HP: 58/58 MP: 9/9
  2846 | D:5      | Reached skill level 1 in Fire Magic
  2849 | D:5      | Reached skill level 1 in Hexes
  3182 | D:6      | Noticed Grinder
  3187 | D:6      | Killed Grinder
  3188 | D:6      | Reached skill level 5 in Fighting
  3188 | D:6      | Reached XP level 8. HP: 59/68 MP: 6/10
  3649 | D:6      | Found a transporter.
  3652 | D:6      | Noticed jimonade's ghost (amateur OpBr)
  3672 | D:6      | Noticed Prince Ribbit
  3687 | D:6      | Killed Prince Ribbit
  3688 | D:6      | Reached skill level 1 in Spellcasting
  3748 | D:6      | Found a transporter.
  4391 | D:7      | Found Begirghap's Antique Armour Boutique.
  4400 | D:7      | Bought a masterwork leather armour for 245 gold pieces
  4400 | D:7      | Identified the +0 leather armour of Ticogh {rElec rCorr
                  | Dex+2} (You bought it in a shop on level 7 of the Dungeon)
  4812 | D:8      | Reached XP level 9. HP: 57/75 MP: 6/15
  5139 | D:8      | Reached skill level 5 in Hexes
  5139 | D:8      | Reached skill level 5 in Fire Magic
  5220 | D:9      | Noticed a two-headed ogre
  5227 | D:9      | Killed a two-headed ogre
  5715 | D:9      | Noticed Gastronok
  6072 | D:9      | Reached skill level 7 in Ranged Weapons
  6120 | D:9      | Reached XP level 10. HP: 73/88 MP: 1/16
  6242 | D:9      | Killed Gastronok
  6243 | D:9      | Reached skill level 8 in Ranged Weapons
  6543 | D:9      | Noticed Erica
  6922 | D:10     | Entered Level 10 of the Dungeon
  6922 | D:10     | Noticed Harold
  6930 | D:10     | Killed Harold
  7093 | D:10     | Identified the ring "Iwnow" {Ice rElec Dex+3}
  7318 | D:10     | Reached skill level 9 in Ranged Weapons
  7408 | D:10     | Found a staircase to the Orcish Mines.
  7421 | D:10     | HP: 4/91 [cloud of flame (4)]
  7935 | Orc:1    | Entered Level 1 of the Orcish Mines
  7995 | Orc:1    | Reached skill level 10 in Fighting
  7995 | Orc:1    | Reached XP level 11. HP: 53/99 MP: 7/17
  8121 | Orc:2    | Entered Level 2 of the Orcish Mines
  8347 | Orc:2    | Noticed a two-headed ogre
  8347 | Orc:2    | Noticed a two-headed ogre
  8347 | Orc:2    | Noticed a two-headed ogre
  8347 | Orc:2    | Noticed a two-headed ogre
  8348 | Orc:2    | Noticed a two-headed ogre
  8349 | Orc:2    | Noticed an ogre mage
  8350 | Orc:2    | Killed a two-headed ogre
  8350 | Orc:2    | Killed an ogre mage
  8350 | Orc:2    | Killed a two-headed ogre
  8350 | Orc:2    | Killed a two-headed ogre
  8350 | Orc:2    | Killed a two-headed ogre
  8350 | Orc:2    | Killed a two-headed ogre
  8351 | Orc:2    | Reached skill level 10 in Ranged Weapons
  8357 | Orc:2    | Noticed a two-headed ogre
  8358 | Orc:2    | Noticed an ogre mage
  8359 | Orc:2    | Noticed an ogre mage
  8362 | Orc:2    | Killed an ogre mage
  8362 | Orc:2    | Killed a two-headed ogre
  8364 | Orc:2    | Killed an ogre mage
  8365 | Orc:2    | Reached skill level 11 in Ranged Weapons
  8367 | Orc:2    | Noticed a two-headed ogre
  8368 | Orc:2    | Noticed a two-headed ogre
  8369 | Orc:2    | Noticed an ogre mage
  8369 | Orc:2    | Noticed a two-headed ogre
  8370 | Orc:2    | Noticed a two-headed ogre
  8371 | Orc:2    | Noticed a two-headed ogre
  8371 | Orc:2    | Noticed a two-headed ogre
  8373 | Orc:2    | Killed a two-headed ogre
  8373 | Orc:2    | Killed a two-headed ogre
  8373 | Orc:2    | Killed a two-headed ogre
  8374 | Orc:2    | Noticed a two-headed ogre
  8374 | Orc:2    | Killed a two-headed ogre
  8375 | Orc:2    | Reached XP level 12. HP: 75/112 MP: 10/18
  8375 | Orc:2    | Killed an ogre mage
  8382 | Orc:2    | Reached skill level 12 in Ranged Weapons
  8382 | Orc:2    | Reached skill level 5 in Dodging
  8500 | Orc:2    | Found Xelinuza's Distillery.
  8500 | Orc:2    | Found Nelac's Book Boutique.
  8501 | Orc:2    | Found Ytojy's Book Shop.
  8501 | Orc:2    | Found Fittosurgh's Armour Shoppe.
  8508 | Orc:2    | Bought a potion of curing for 39 gold pieces
  8508 | Orc:2    | Bought a potion of haste for 130 gold pieces
  8575 | Orc:2    | Found a staircase to the Elven Halls.
  8900 | Orc:1    | Found Wocodo's Jewellery Shop.
  8995 | Orc:1    | Found Oploec's Jewellery Shop.
  9502 | D:11     | Noticed a centaur warrior
  9508 | D:11     | Killed a centaur warrior
  9599 | D:11     | Noticed a boulder beetle
  9742 | D:11     | Killed a boulder beetle
  9841 | D:11     | Found a staircase to the Lair.
 10152 | D:12     | Noticed a boulder beetle
 10178 | D:12     | Killed a boulder beetle
 10179 | D:12     | Reached skill level 13 in Ranged Weapons
 10339 | Lair:1   | Entered Level 1 of the Lair of Beasts
 10636 | Lair:1   | Identified the +1 chain mail of Vehumet's Reproof {Stlth+}
 10966 | D:12     | Noticed a catoblepas
 11254 | D:12     | Killed a catoblepas
 11255 | D:12     | Reached XP level 13. HP: 93/118 MP: 20/20
 11832 | Lair:3   | Found a staircase to the Swamp.
 11990 | Lair:3   | Found a staircase to the Snake Pit.
 12443 | Lair:4   | Reached skill level 14 in Ranged Weapons
 12573 | Lair:5   | Entered Level 5 of the Lair of Beasts
 12584 | Lair:5   | Noticed Nessos
 12936 | Lair:5   | Killed Nessos
 13161 | Lair:5   | Reached skill level 10 in Dodging
 13201 | Lair:5   | Noticed Urug
 13395 | Lair:5   | Killed Urug
 13441 | Lair:5   | Found a staircase to the Slime Pits.
 13453 | Lair:5   | Learned a level 3 spell: Portal Projectile
 13543 | Snake:1  | Entered Level 1 of the Snake Pit
 13572 | Snake:1  | Reached XP level 14. HP: 127/127 MP: 21/21
 13595 | Snake:1  | Reached skill level 1 in Translocations
 13778 | Snake:1  | Noticed a nagaraja
 13894 | Snake:2  | Noticed a nagaraja
 13904 | Snake:2  | Killed a nagaraja
 14083 | Snake:1  | Reached skill level 15 in Ranged Weapons
 14227 | Snake:1  | Noticed a nagaraja
 14232 | Snake:1  | Found a transporter.
 14425 | Snake:1  | You fall into a shaft and drop 1 floor!
 14903 | Snake:3  | Noticed a nagaraja
 14913 | Snake:3  | Killed a nagaraja
 15157 | Snake:4  | Entered Level 4 of the Snake Pit
 15282 | Snake:4  | Noticed a nagaraja
 15285 | Snake:4  | Noticed a nagaraja
 15861 | Snake:4  | Noticed a nagaraja
 15868 | Snake:4  | Killed a nagaraja
 15912 | Snake:4  | Noticed a nagaraja
 15920 | Snake:4  | Killed a nagaraja
 16094 | Snake:4  | Killed a nagaraja
 16095 | Snake:4  | Reached XP level 15. HP: 87/137 MP: 22/22
 16159 | Snake:4  | Killed a nagaraja
 16270 | Snake:4  | Noticed Vashnia
 16440 | Snake:4  | Noticed a nagaraja
 16452 | Snake:4  | Killed a nagaraja
 16498 | Snake:4  | Reached skill level 16 in Ranged Weapons
 16520 | Snake:4  | Noticed a nagaraja
 16520 | Snake:4  | Noticed a nagaraja
 16762 | Snake:4  | Found Gyduf's Book Shoppe.
 16763 | Snake:4  | Found Zishrad's Jewellery Boutique.
 16764 | Snake:4  | Found Vuluef's Book Shoppe.
 16772 | Snake:4  | Bought the ring of Qiggumiw {rF+ rC+ Slay+3} for 825 gold
                  | pieces
 16879 | Snake:4  | Noticed a nagaraja
 16886 | Snake:4  | Killed a nagaraja
 16886 | Snake:4  | Noticed a nagaraja
 16890 | Snake:4  | Killed a nagaraja
 16901 | Snake:4  | Noticed a nagaraja
 16922 | Snake:4  | Noticed a nagaraja
 16967 | Snake:4  | Killed a nagaraja
 17081 | Snake:4  | Killed a nagaraja
 17107 | Snake:4  | Killed a nagaraja
 17171 | Snake:4  | Killed a nagaraja
 17277 | Snake:4  | Got a serpentine rune of Zot
 17348 | Snake:4  | Noticed a nagaraja
 17348 | Snake:4  | Noticed a nagaraja
 17353 | Snake:4  | Killed a nagaraja
 17363 | Snake:4  | Killed a nagaraja
 17458 | Snake:4  | Killed Vashnia
 17822 | Swamp:1  | Entered Level 1 of the Swamp
 18014 | Swamp:1  | Reached skill level 15 in Fighting
 18049 | Swamp:2  | Noticed a fenstrider witch
 18059 | Swamp:2  | Killed a fenstrider witch
 18126 | Swamp:4  | Entered Level 4 of the Swamp
 18129 | Swamp:4  | Reached skill level 17 in Ranged Weapons
 18185 | Swamp:4  | Reached XP level 16. HP: 149/149 MP: 23/23
 18516 | Swamp:4  | Got a decaying rune of Zot
 18640 | Swamp:2  | Reached skill level 1 in Transmutations
 18642 | Swamp:2  | Reached skill level 1 in Poison Magic
 19042 | D:13     | Learned a level 3 spell: Ignite Poison
 19045 | D:13     | Found the +6 shillelagh "Devastator" {shatter}
 19073 | D:13     | Identified the +0 leather armour "Cussekin" {Str-4 Slay+6}
 19652 | D:14     | Found a gate to the Vaults.
 19960 | D:14     | Identified the +1 hand axe of Ignis's Regard {freeze, rCorr
                  | SInv}
 20213 | D:15     | Entered Level 15 of the Dungeon
 20484 | D:15     | Found Orphenuon's Antique Weapon Shop.
 20499 | D:15     | Noticed Agnes
 20509 | D:15     | Killed Agnes
 20631 | D:15     | Noticed Jorgrun
 20638 | D:15     | Killed Jorgrun
 20830 | D:15     | Reached skill level 18 in Ranged Weapons
 20980 | D:15     | Reached skill level 15 in Dodging
 21008 | D:15     | Reached skill level 1 in Armour
 21038 | D:15     | Found a staircase to the Depths.
 21226 | Depths:1 | Entered Level 1 of the Depths
 21953 | Lair:2   | Found a runed translucent gate.
 21953 | Lair:2   | Found a runed translucent gate.
 22117 | Slime:1  | Entered Level 1 of the Pits of Slime
 22120 | Slime:2  | Noticed an acid blob
 22134 | Slime:1  | Killed an acid blob
 22233 | Slime:2  | Reached XP level 17. HP: 156/156 MP: 24/24
 22252 | Slime:3  | Paralysed by a great orb of eyes for 2 turns
 22390 | Slime:4  | Gained mutation: You are frail. (-10% HP) [a shining eye]
 22392 | Slime:4  | Gained mutation: You occasionally lose the ability to read
                  | scrolls when taking damage. [a shining eye]
 22569 | Slime:4  | Reached skill level 5 in Armour
 22577 | Slime:5  | Entered Level 5 of the Pits of Slime
 22583 | Slime:5  | Paralysed by a floating eye for 3 turns
 22887 | Slime:5  | Noticed the Royal Jelly
 22899 | Slime:5  | Killed the Royal Jelly
 22937 | Slime:5  | HP: 2/143 [rockslime[the Royal Jelly] (41)]
 22938 | Slime:5  | Slain by a rockslime

Illustrated notes

Levels and vault maps discovered:
D:1:      minmay_arrival_shattered_statue, layout_loops_ring,
          chequers_serial_rivers_small_b, palyth_stone_intersect,
          minmay_tetromino_l2
D:2:      layout_rooms, uniq_crazy_yiuf_cottage
D:3:      layout_loops_ring, portal_sewer_entry_a, chequers_avenue,
          nicolae_underground_beach
D:4:      layout_loops_ring, mainiacjoe_overflow_concentric_impassable,
          gammafunk_ghost_smash, serial_shops, shop, uniq_pikel, uniq_natasha
D:5:      minmay_polygon_palace, layout_rooms, tso_oasis_becter, uniq_edmund
D:6:      layout_loops_corners, minmay_temple_entry_glass,
          gammafunk_ghost_stat_death, uniq_prince_ribbit1, uniq_grinder
D:7:      cheibrodos_quashed, layout_gridville, serial_shops, shop,
          serial_co_window_serial, co_window_corner_a, co_window_paths_b,
          co_window_corner_a, co_window_of_opportunity_a, co_window_paths_b,
          co_window_unsneaky_path_b, co_window_2corner, co_window_2corner,
          co_window_4corner_a, glass_columns_a, glass_columns_c,
          glass_columns_a, glass_columns_a, glass_columns_a,
          kennysheep_cross_bottleneck, minmay_misc_feat_roman,
          kennysheep_generic_room_9
D:8:      minmay_bubble_buster, layout_cave_pools, kennysheep_mini_moat,
          reono_crystal_passage
D:9:      minmay_ornate_pinched, layout_gridville, nicolae_shop_gadgets,
          uniq_erica, uniq_gastronok
D:10:     statuecave_lemuel, layout_rooms, mainiacjoe_overflow_24_doors,
          grunt_temple_overflow_open, orc_0_dummy, nicolae_benzene_ring,
          uniq_harold
D:11:     layout_rooms, david_lair_shrubbed, serial_bayou_pond_e, zin_angel
D:12:     layout_roguey, lemuel_freeze_loot_1
D:13:     minmay_roctagon, layout_loops_ring
D:14:     layout_basic, david_vaults_4, nicolae_elyvilon_temple_path
D:15:     grunt_enter_depths_magical_seal, layout_basic, serial_shops,
          nicolae_shop_real_fake_doors, chequers_serial_rivers_micro_e,
          uniq_agnes, uniq_jorgrun
Lair:1:   layout_cave_pods, uniq_grum
Lair:2:   layout_gridlike, gammafunk_ghost_cemetery
Lair:3:   layout_concentric_octagons, minmay_swamp_entry_worms,
          dummy_snake_entry
Lair:4:   layout_loops_ring, serial_bayou_shore_b, serial_bayou_shore_b
Lair:5:   minmay_lair_end_frog_pond, layout_regular_city,
          minmay_slime_entry_jelly_boxes, uniq_urug, uniq_nessos
Swamp:1:  layout_basic_swamp, nicolae_swamp_trees_clearing, swamp_pool1,
          hangedman_swamp_grove, uniq_josephine
Swamp:2:  layout_basic_swamp, hangedman_swamp_ruin_wall
Swamp:3:  layout_basic_swamp, evilmike_swamp_ruin_house_2
Swamp:4:  swamp_vile, layout_basic_swamp
Snake:1:  gammafunk_sealed_library, layout_gridlike, serial_shops,
          nicolae_take_the_stairs, st_stairs_12, nicolae_snake_flat_spine,
          nicolae_snake_bzzzt
Snake:2:  layout_layer_cave, basic_altar, grunt_megastairs_4, lemuel_fruit_tree,
          serial_bayou_shore_a, uniq_aizul
Snake:3:  layout_grid_maze, basic_altar
Snake:4:  grunt_snake_rune_spirals, layout_onion_interference,
          minmay_shop_grove, uniq_vashnia
Slime:1:  layout_caves
Slime:2:  layout_caves
Slime:3:  layout_caves
Slime:4:  layout_caves
Slime:5
Orc:1:    layout_caves, serial_shops, shop, shop, basic_altar
Orc:2:    st_orc_ogre_mass, layout_caves
Depths:1: layout_honeycomb, hell_entry, kiku_gazebo_garden_becter,
          serial_sigils_hangedman_quiver, minmay_misc_feat_more_columns,
          nzn_wu_jian_contemplation

Skill      XL: |  1  2  3  4  5  6  7  8  9 10 11 12 13 14 15 16 17 |
---------------+----------------------------------------------------+-----
Fighting       | 2 3 5 6 8 10 12 13 15 16 | 16.3
Dodging        | 2 3 8 10 11 13 15 | 15.0
Ranged Weapons | 4 5 6 7 9 11 13 14 15 17 18 | 18.0
Fire Magic     | 3 4 5 6 |  6.6
Hexes          | 3 4 5 6 7 |  7.2
Spellcasting   | 2 |  2.2
Translocations | 2 |  2.8
Transmutations | 2 |  2.5
Poison Magic   | 2 |  2.6
Armour         | 3 6 |  6.7
Stealth        | |  0.8

Action                     |  1- 3 |  4- 6 |  7- 9 | 10-12 | 13-15 | 16-18 || total
---------------------------+-------+-------+-------+-------+-------+-------++-------
   Fire: Shortbow          |   120 |   182 |   248 |   458 |       |       ||  1008
         Longbow           |       |       |       |     7 |  1051 |   771 ||  1829
   Cast: Inner Flame       |       |       |    42 |    70 |    26 |     3 ||   141
         Portal Projectile |       |       |       |       |     1 |       ||     1
  Evoke: Wand              |       |     1 |     2 |     8 |       |       ||    11
    Use: Scroll            |     2 |     1 |     6 |    11 |    15 |    12 ||    47
         Potion            |       |     2 |     2 |     6 |     6 |     8 ||    24
 Armour: Leather armour    |     7 |    16 |    26 |    29 |    46 |    13 ||   137
         Troll leather arm |       |       |       |       |       |    32 ||    32
         Skin              |       |       |       |       |       |     3 ||     3
  Dodge: Dodged            |    24 |    85 |   113 |   223 |   493 |   561 ||  1499
